 Dungeon Crawl Stone Soup version 0.30-a0-135-g630cfc4551 (webtiles) character file.

Game seed: 15557843961097629024

128 juncz the Chiller (level 4, 0/33 HPs)
             Began as a Draconian Ice Elementalist on Sept 20, 2022.
             Slain by a phantom (7 damage)
             ... on level 2 of the Dungeon.
             The game lasted 00:09:08 (3620 turns).

juncz the Chiller (Draconian Ice Elementalist)      Turns: 3620, Time: 00:09:09

Health: 0/33       AC:  5    Str:  9    XL:     4   Next: 87%
Magic:  8/9        EV: 12    Int: 21    God:
Gold:   77         SH:  0    Dex:  9    Spells: 3/10 levels left

rFire   . . .      SeeInvis .    f - +0 dagger (holy)
rCold   . . .      Faith    .    (no shield)
rNeg    . . .      Spirit   .    (body armour unavailable)
rPois   .          Reflect  .    (helmet restricted)
rElec   .          Harm     .    (no cloak)
rCorr   .          Rampage  .    (no gloves)
Will    .....                    (no boots)
Stlth   ++........               (no amulet)
HPRegen 0.11/turn                (no ring)
MPRegen 0.11/turn                (no ring)

@: no status effects
A: AC +5, unfitting armour, cold-blooded, talons 1, clever 1, clumsy 1
a: no special abilities


You were on level 2 of the Dungeon.
You visited 1 branch of the dungeon, and saw 2 of its levels.

You collected 77 gold pieces.

Inventory:

Hand Weapons
 c - a +0 mace
 f - a +0 dagger of holy wrath (weapon)
Wands
 m - a wand of flame (14)
 n - a wand of roots (7)
Scrolls
 b - a scroll of identify
 d - a scroll of fog {unknown}
 e - a scroll of enchant weapon {unknown}
 g - 2 scrolls of noise {unknown}
 h - a scroll of teleportation {unknown}
 i - a scroll of poison {unknown}
 j - a scroll of enchant armour {unknown}
 l - a scroll of fear
Potions
 a - 2 potions of curing
 k - a potion of cancellation {unknown}


   Skills:
 - Level 1.9 Dodging
 - Level 1.9 Stealth
 + Level 3.5 Spellcasting
 + Level 5.1 Ice Magic


You had 3 spell levels left.
You knew the following spells:

 Your Spells              Type           Power      Damage    Failure   Level
a - Freeze                Ice            100%       1d11      1%          1
b - Frozen Ramparts       Ice            50%        1d8       4%          3
c - Ozocubu's Armour      Ice            25%        N/A       4%          3

Your spell library contained the following spells:

 Spells                   Type           Power      Damage    Failure   Level
 Hailstorm                Conj/Ice       14%        3d5       41%         4


Dungeon Overview and Level Annotations

Branches:
Dungeon (2/15)

Altars:

Shops:
D:2 (


Innate Abilities, Weirdness & Mutations

Your plain brown scales are hard. (AC +5)
You cannot fit into any form of body armour.
You are cold-blooded and may be slowed by cold attacks.
You have sharp toenails.
Your mind is acute. (Int +4, Str/Dex -1)
You are clumsy. (Dex -2)


Message History

The phantom hits you.
The phantom blinks!
You blink.
You hit the phantom.
The phantom convulses.
Your kick misses the phantom.
The phantom is heavily damaged.
The phantom barely misses you.
You closely miss the phantom. You claw the phantom, but do no damage.
The phantom is heavily damaged.
The phantom hits you.
You hit the phantom but do no damage. Your kick misses the phantom.
The phantom is heavily damaged.
The phantom hits you.
The phantom blinks!
You blink.
You hit the phantom but do no damage. You claw the phantom, but do no damage.
The phantom is heavily damaged.
The phantom hits you.
The phantom blinks!
You blink.
You miss the phantom. You claw the phantom, but do no damage.
The phantom is heavily damaged.
The phantom hits you.
The phantom blinks!
You blink.
You are too injured to fight recklessly!
You are too injured to fight recklessly!
You are too injured to fight recklessly!
You hit the phantom.
The phantom convulses.
You tail-slap the phantom.
The phantom is almost destroyed.
The phantom hits you.
The phantom blinks!
You blink.
You hit the phantom but do no damage.
The phantom is almost destroyed.
The phantom hits you but does no damage.
You closely miss the phantom. You claw the phantom.
The phantom is almost destroyed.
The phantom hits you.
The phantom blinks!
You blink.
You barely miss the phantom.
The phantom is almost destroyed.
The phantom hits you.
* * * LOW HITPOINT WARNING * * *
You hit the phantom.
The phantom convulses.
Your kick misses the phantom.
Your tail-slap misses the phantom.
The phantom is almost destroyed.
The phantom completely misses you.
You hit the phantom but do no damage. You claw the phantom, but do no damage.
The phantom is almost destroyed.
The phantom hits you!
You die...

.#########..###.#.###
#..# .#
#.§#...#...##### #..#
.# #....#####....>##
#..# .#
#.##§..#...##...####..#
.#
#.####.#.#............#
.#
#..........##...#####.#
.# #######.######.##
#.# .# ##.##.....# #.#
## #W@...##### #.# #
#.###.# #.# # #.# #.#
#.# ###### #####.###.#
#####.# #....#
#.........# #.....#
#.##.# #.#####.#.#
#)##### #.##.#
##.#####.#.## #.#
..##.#####...#.......#
#.#
......)........#####.#
#.#


You could see a phantom.

Vanquished Creatures
  Jessica (D:2)
  Terence (D:2)
  Robin (D:2)
  5 endoplasms
  2 giant cockroaches
  12 goblins
  13 hobgoblins
  2 jackals (D:1)
  A quokka (D:1)
  6 ball pythons
  5 bats
  A frilled lizard (D:1)
  4 kobolds
  5 rats
59 creatures vanquished.

Notes
Turn   | Place    | Note
-------+----------+-------------------------------------------
     0 | D:1      | juncz the Draconian Ice Elementalist began the quest for
                  | the Orb.
     0 | D:1      | Reached XP level 1. HP: 14/14 MP: 3/3
   418 | D:1      | Reached XP level 2. HP: 20/20 MP: 1/5
  1449 | D:1      | Reached XP level 3. HP: 23/26 MP: 3/6
  1453 | D:1      | Learned a level 3 spell: Frozen Ramparts
  1457 | D:1      | Learned a level 3 spell: Ozocubu's Armour
  1919 | D:2      | Found Qoof's Weapon Emporium.
  2286 | D:2      | Noticed Terence
  2307 | D:2      | Gained mutation: You are clumsy. (Dex -2) [potion of
                  | mutation]
  2307 | D:2      | Gained mutation: Your mind is acute. (Int +4, Str/Dex -1)
                  | [potion of mutation]
  2307 | D:2      | Gained mutation: You have sharp toenails. [potion of
                  | mutation]
  2814 | D:2      | Noticed Jessica
  2821 | D:2      | Killed Jessica
  2822 | D:2      | Reached XP level 4. HP: 31/33 MP: 1/8
  3004 | D:2      | Killed Terence
  3006 | D:2      | Reached skill level 5 in Ice Magic
  3375 | D:2      | Noticed Robin
  3385 | D:2      | Killed Robin
  3597 | D:2      | Noticed a phantom
  3620 | D:2      | Slain by a phantom

Illustrated notes

Levels and vault maps discovered:
D:1:      spicycebolla_arrival_ecumenical, layout_rooms
D:2:      layout_loops_ring, serial_shops, nicolae_diamond_shop, uniq_robin,
          uniq_jessica, uniq_terence

Skill      XL: |  1  2  3  4 |
---------------+-------------+-----
Spellcasting   | 3 |  3.5
Ice Magic      | 5 |  5.1
Dodging        | |  1.9
Stealth        | |  1.9

Action                   |  1- 3 |  4- 6 || total
-------------------------+-------+-------++-------
Melee: Unarmed           |     3 |       ||     3
       Tailslap          |     4 |     2 ||     6
       Dagger            |    24 |    22 ||    46
       Mace              |     7 |       ||     7
       Kick              |       |     9 ||     9
 Cast: Freeze            |    49 |    12 ||    61
       Frozen Ramparts   |     7 |     4 ||    11
       Ozocubu's Armour  |     1 |     2 ||     3
  Use: Potion            |     4 |       ||     4
       Scroll            |     2 |       ||     2
Armor: Skin              |    33 |     9 ||    42
Dodge: Dodged            |    54 |     8 ||    62

Table legend: (Time is in decaauts)
 A = Elapsed time spent in this place.
 B = Non-inter-level travel time spent in this place.
 C = Inter-level travel time spent in this place.
 D = Time resting spent in this place.
 E = Time spent auto-exploring this place.
 F = Levels seen in this place.
 G = Mean time per level.
                   A        B        C        D        E       F      G
               +--------+--------+--------+--------+--------+-----+--------+
         Total |   3630 |   3616 |     14 |   2230 |    986 |   2 | 1815.0 |
       Dungeon |   3630 |   3616 |     14 |   2230 |    986 |   2 | 1815.0 |
               +--------+--------+--------+--------+--------+-----+--------+

Top non-repeatable levels by time:
     D:2: 1857 daAuts
     D:1: 1773 daAuts
